AoeStats
← gimpygunman

Arabia

510076988Analyzed
1v1 RM · 4d ago on Sep 29, 2026· 26m 39s· 2 players
Game mode
Random Map
Map size
Tiny (2 player)
Population
200
Speed
Normal
Resources
Standard
Victory
Conquest
Starting age
Dark Age
Ending age
Imperial Age
RankedLock teamsTeams togetherTeam positionsShared explorationLock speedFull tech treeHidden civsTurbo modeCheats
Victory
Defeat
🇦🇺 Teutons · Australia
705
+18
🇫🇷 Franks · France
743
-18
gimpygunman
7:38 Loom
11:44 Feudal Age
12:12 Double-Bit Axe
12:10 Horse Collar
20:36 Castle Age
21:52 Pikeman
paulsalomon
2:37 Loom
14:07 Feudal Age
14:36 Double-Bit Axe
14:43 Gold Mining
21:07 Castle Age
19:20 Stone Mining
21:16 Scale Barding Armor
21:21 Forging
21:44 Fletching
23:24 Bodkin Arrow
26:10 Wheelbarrow
25:51 Town Watch
Connection lost

Rejoining the realm…

Still unreachable

The connection could not be restored.

Session expired

The server has moved on; the page needs a fresh start.